cohdb
Replays
Latest Replays
All Replays
Popular Replays
Top Player Replays
Match Explorer
How It Works
Community
CoH3 Stats
Reddit
Sign in to upload your games and track your stats! →
Sign in with Steam
Match 35717593
Unlisted
Match 35717593
Overview
Messages
Build Orders
End
Construct Barracks
Riflemen Squad
Riflemen Squad
Riflemen Squad
Grenade Package
Construct Medical Station
Selects Advanced Infantry Battlegroup
Selects Convert to Ranger Squad
Ranger Squad
Infantry Support Center
Construct Weapon Support Center
Advanced Logistics
Convert to Ranger Squad
Munitions Surplus
Engineer Squad
Selects Frontline Medical Station
Frontline Medical Station
Survival Training
Selects Ranger Weapon Training
Bruistablet
Professor gibberish
Banan
Reecever
Tur75
S.S.Vodka
专业揍老外
Ados
0
0
Comments
sign in to comment!
No comments posted yet!